Map: Acid Plant LE

Players

Zanster

  • Race: Zerg Zerg
  • League: Master
  • Spawn Location: 5:00

Kelazhur - Winner!

  • Race: Terran Terran
  • League: Master
  • Spawn Location: 11:00

Event: HomeStory Cup XVIII

VOD

Have the link to the VOD?

Description

Time

  • Played on: Nov. 22, 2018, 4:59 p.m.
  • Length: 8:22

All games in this series

Show
View Real Time Build Order
Export as new Build Order

Zanster Zerg 

Build Orders: Pool First 

Get SALT Encoding   

  12  0:00  Drone  
  13  0:13  Overlord  
  13  0:17  Drone  
  14  0:31  Drone  
  14  0:32  Drone  
  16  0:35  Drone  
  17  0:45  Extractor, Drone  
  17  0:50  Spawning Pool  
  16  0:57  Drone  
  17  1:07  Drone  
  18  1:20  Hatchery  
  18  1:23  Drone  
  18  1:29  Drone  
  19  1:38  Queen  
  21  1:42  Drone  
  22  1:48  Metabolic Boost  
  22  1:55  Overlord  
  22  2:08  Roach Warren  
  21  2:13  Zergling x2  
  22  2:20  Overlord  
  22  2:47  Roach x6  
  22  2:50  Zergling x2  
  35  2:53  Zergling x2  
  35  2:58  Roach  
  38  3:04  Overlord  
  38  3:10  Overlord  
  38  3:22  Zergling x2  
  38  3:23  Zergling x6  
  38  3:24  Zergling x2  
  43  3:31  Zergling x4  
  43  3:33  Zergling x2  
  46  3:43  Queen  
  46  3:47  Drone x2  
  48  3:49  Drone  
  48  3:53  Drone  
  50  3:58  Overlord  
  50  4:00  Drone  
  51  4:08  Drone  
  51  4:17  Drone x3  
  51  4:23  Drone x2  
  51  4:24  Drone x2  
  57  4:26  Drone  
  58  4:38  Drone, Hatchery  
  58  4:41  Drone  
  59  4:48  Queen  
  59  4:49  Overlord  
  59  4:50  Drone  
  60  4:53  Overlord  
  60  5:01  Overlord  
  60  5:07  Extractor, Spore Crawler  
  57  5:08  Extractor  
  57  5:11  Spore Crawler  
  57  5:12  Drone x5  
  57  5:15  Drone  
  57  5:16  Drone  
  57  5:23  Overlord  
  57  5:24  Queen  
  59  5:30  Drone x3  
  59  5:31  Drone  
  59  5:34  Drone  
  63  5:36  Drone  
  63  5:37  Drone  
  65  5:44  Roach  
  65  5:49  Roach  
  65  5:52  Overlord  
  65  5:54  Roach  
  67  5:57  Lair  
  67  6:01  Drone x4  
  71  6:04  Drone  
  71  6:05  Drone  
  71  6:12  Drone  
  71  6:17  Drone  
  71  6:18  Drone x3  
  76  6:22  Overlord  
  76  6:24  Drone  
  77  6:27  Drone  
  77  6:31  Drone  
  77  6:32  Drone x2  
  75  6:37  Drone, Evolution Chamber  
  75  6:38  Evolution Chamber  
  74  6:44  Overlord  
  74  6:50  Baneling Nest  
  74  6:53  Drone x3  
  74  6:54  Drone x3  
  79  6:57  Extractor  
  79  6:59  Drone x2  
  79  7:00  Spire  
  79  7:05  Drone x4  
  78  7:17  Drone x5  
  78  7:19  Overseer  
  83  7:23  Drone  
  84  7:33  Drone  
  84  7:34  Drone x2  
  84  7:36  Queen  
  85  7:37  Queen  
  85  7:40  Drone x2  
  85  7:41  Drone  
  90  7:44  Extractor  
  90  7:46  Extractor  
  90  7:48  Overlord  
  88  7:54  Zergling x2  
  88  7:55  Zergling x6  
  92  8:00  Zergling x4  
  94  8:11  Hatchery  
  97  8:15  Hatchery  
Show
View Real Time Build Order
Export as new Build Order

Kelazhur Terran - Winner!

Build Orders: Hellion Banshee 

Get SALT Encoding   

  12  0:00  SCV  
  13  0:13  SCV  
  14  0:17  Supply Depot  
  14  0:25  SCV  
  15  0:38  SCV  
  15  0:40  Barracks  
  16  0:43  Refinery  
  16  0:50  SCV  
  17  1:02  SCV  
  18  1:14  SCV  
  19  1:27  Marine, Orbital Command  
  20  1:37  Command Center  
  20  1:44  Marine  
  21  1:48  Supply Depot  
  21  1:53  SCV  
  22  2:02  Factory  
  22  2:05  SCV  
  23  2:09  Barracks Reactor  
  23  2:14  Refinery  
  23  2:17  SCV  
  25  2:30  SCV  
  25  2:42  SCV  
  26  2:48  Orbital Command  
  26  2:49  Starport  
  26  2:52  Hellion x2  
  26  2:54  SCV  
  31  3:07  SCV  
  32  3:14  Hellion x2, SCV  
  32  3:19  SCV  
  38  3:23  Barracks Tech Lab  
  38  3:26  SCV  
  39  3:29  Supply Depot  
  39  3:32  SCV  
  43  3:40  Hellion  
  44  3:41  Bunker  
  44  3:43  SCV  
  45  3:50  Supply Depot  
  45  3:54  Banshee  
  46  3:57  Orbital Command  
  46  3:59  Supply Depot  
  46  4:00  Supply Depot  
  46  4:07  Hellion  
  46  4:09  Marine  
  46  4:12  Cloaking Field  
  46  4:13  SCV  
  47  4:25  Orbital Command  
  47  4:28  SCV  
  49  4:34  Command Center  
  49  4:37  Hellion x2  
  52  4:41  SCV  
  52  4:44  Banshee  
  56  4:56  SCV  
  56  4:57  SCV  
  58  5:01  Armory  
  58  5:08  SCV  
  58  5:09  SCV  
  58  5:13  Engineering Bay  
  58  5:14  Engineering Bay  
  60  5:17  Supply Depot  
  60  5:18  Barracks Tech Lab  
  60  5:20  SCV  
  60  5:21  SCV  
  62  5:30  Supply Depot  
  62  5:32  SCV  
  62  5:33  SCV  
  62  5:34  Barracks x2  
  64  5:36  Factory Reactor  
  64  5:44  SCV  
  64  5:45  SCV  
  64  5:52  Starport Reactor  
  64  5:53  Refinery  
  64  5:55  Refinery, Orbital Command  
  64  5:56  SCV  
  65  5:57  SCV  
  65  6:00  Terran Infantry Weapons Level 1, Terran Infantry Armor Level 1  
  64  6:04  Marauder  
  64  6:05  Stimpack  
  64  6:08  SCV  
  64  6:09  SCV  
  67  6:20  SCV  
  67  6:21  Marine, SCV  
  67  6:22  Marine  
  67  6:24  SCV  
  64  6:33  Medivac x2, SCV x2  
  64  6:36  Siege Tank, SCV  
  74  6:41  Marine x3  
  74  6:42  Marine  
  74  6:43  Marine  
  74  6:45  SCV  
  74  6:46  SCV  
  74  6:47  Orbital Command  
  81  6:54  Armory  
  81  6:57  SCV  
  81  6:58  Barracks, SCV  
  81  6:59  Supply Depot, Marine, Barracks  
  81  7:00  Supply Depot  
  84  7:09  Medivac, Siege Tank, SCV  
  84  7:10  Medivac  
  84  7:14  SCV  
  93  7:16  Marine  
  93  7:17  Marine x2  
  93  7:18  SCV  
  93  7:20  Marine x2  
  93  7:21  SCV  
  100  7:28  SCV  
  98  7:30  SCV  
  98  7:34  Marine  
  98  7:35  Marine x2  
  102  7:37  SCV  
  102  7:38  Marine x2  
  102  7:40  SCV  
  102  7:42  SCV  
  102  7:44  Supply Depot x2  
  107  7:46  Barracks Reactor x2  
  107  7:49  SCV  
  111  7:52  Marine  
  111  7:58  Marine x2  
  122  8:07  Supply Depot  
  122  8:08  Refinery  
Tags
 
Add a new tag
Caveats
  • Supply blocks, unpowered buildings, or Contaminate may cause inaccurate times.
  • Supply counts are checked every 10 seconds.